 Dungeon Crawl Stone Soup version 0.19-a0-1035-gdbfb0c6 (webtiles) character file.

16177 poirepourri the Cleaver (level 12, -25/118 HPs)
             Began as a Deep Dwarf Fighter on July 29, 2016.
             Was a High Priest of Makhleb.
             Killed from afar by Nergalle (32 damage)
             ... with a bolt of negative energy
             ... on level 12 of the Dungeon.
             The game lasted 00:17:49 (9254 turns).

poirepourri the Cleaver (Deep Dwarf Fighter)        Turns: 9254, Time: 00:17:51

Health: -25/118    AC: 13    Str: 26    XL:     12   Next: 7%
Magic:  2/2        EV: 13    Int:  8    God:    Makhleb [*****.]
Gold:   787        SH:  0    Dex: 12    Spells: 0 memorised, 11 levels left

rFire  . . .     SeeInvis .     a - +3 war axe
rCold  . . .     Gourm    .     b - +1 scale mail
rNeg   . . .     Faith    .     c - +0 shield
rPois  .         Spirit   .     A - +0 helmet
rElec  .         Dismiss  .     k - +0 cloak
rCorr  .         Reflect  .     N - +2 pair of gloves
SustAt .         Harm     .     (no boots)
MR     +....                    (no amulet)
Stlth  ..........               (no ring)
                                H - +3 ring of slaying

@: confused, non-regenerating, drained, somewhat resistant to hostile
enchantments, extremely unstealthy
A: damage resistance, recharge devices, sense surroundings 2, slow regeneration
3
a: Device Recharging, Minor Destruction, Lesser Servant of Makhleb, Major
Destruction, Greater Servant of Makhleb, Renounce Religion


You were on level 12 of the Dungeon.
You worshipped Makhleb.
Makhleb was extremely pleased with you.
You were very hungry.

You visited 2 branches of the dungeon, and saw 13 of its levels.

You collected 787 gold pieces.

Inventory:

Hand Weapons
 a - a +3 war axe (weapon)
 u - a +0 hand crossbow
Missiles
 p - 123 bolts
Armour
 b - a +1 scale mail (worn)
 c - a +0 shield (worn)
 k - a +0 cloak (worn)
 A - a +0 helmet (worn)
 N - a +2 pair of gloves (worn)
Jewellery
 H - a +3 ring of slaying (left hand)
Wands
 d - a wand of polymorph (10/24)
 e - a wand of heal wounds (3/9)
 f - a wand of polymorph (8/24)
 h - a wand of flame (20/48)
 s - a wand of flame (12/48)
 y - a wand of iceblast (0/15)
 D - a wand of flame (15/48)
 E - a wand of disintegration (5/24)
 F - a wand of acid (0/15)
 G - a wand of slowing (33/48)
 K - a wand of acid (6/15)
 L - a wand of paralysis (6/24)
Scrolls
 i - 4 scrolls of magic mapping
 j - 3 scrolls of remove curse
 l - 2 scrolls of fog
 m - 4 scrolls of teleportation
 C - 2 scrolls of blinking {unknown}
 M - a scroll of torment {unknown}
 P - a scroll of identify
Potions
 g - 5 potions of lignification
 n - 3 potions of flight
 o - a potion of beneficial mutation {unknown}
 q - a potion of resistance {unknown}
 r - a potion of cure mutation
 t - a potion of cancellation {unknown}
 v - 2 potions of brilliance {unknown}
Comestibles
 w - 2 beef jerkies
 x - 4 bread rations
 z - 10 royal jellies
 B - 5 fruits
 I - a slice of pizza
 J - 2 meat rations


   Skills:
 + Level 10.7(9.9) Fighting
 + Level 13.7(12.8) Axes
 - Level 3.2(2.6) Armour
 + Level 10.6(9.8) Dodging
 - Level 0.3(0.0) Stealth
 - Level 3.2(2.6) Shields
 + Level 3.2(2.6) Invocations


You had 11 spell levels left.
You didn't know any spells.

Dungeon Overview and Level Annotations

Branches:
Dungeon (12/15)            Temple (1/1) D:5            Lair (0/6) D:9
    Orc (0/2) D:10

Altars:
Ashenzari
Cheibriados
Dithmenos
Elyvilon
Fedhas
Gozag
Hepliaklqana
Kikubaaqudgha
Makhleb
Nemelex Xobeh
Okawaru
Pakellas
Qazlal
Ru
Sif Muna
Trog
Uskayaw
Vehumet
Xom
Yredelemnul
Zin
The Shining One

Shops:
D:6 :   D:7 }}   D:8 :   D:10 [

Annotations:
D:5 Prince Ribbit
D:12 Nergalle


Innate Abilities, Weirdness & Mutations

You are resistant to damage.
You can recharge devices by infusing magical energy.
You passively map the area around you.
You do not regenerate naturally.


Message History

You block something's attack. Something barely misses you.
You slash something! x2; Something hits you!
* * * LOW HITPOINT WARNING * * *
You block something's attack. Something hits you.
* * * LOW HITPOINT WARNING * * *
Something hits you!
* * * LOW HITPOINT WARNING * * *
You slash something! Makhleb accepts your kill.
Reactivating autopickup.
You feel a bit more experienced.
Unknown command.
You are confused.
You feel invigorated.
Your surroundings suddenly seem different.
Nergalle the Soulbinder comes into view.
She is wielding a dagger.
Nergalle shouts!
Nergalle points at you and mumbles some strange words.
The bolt of negative energy hits you!
You feel drained.
You die...

*, , , , , * **
* .. .. , , , ,
* . #. .### , ,
,.. #.##...# , *
* *.O.
##......#,, ,* *
....,.......# ,
, , ,
.....#......# *
+,, , ,
#........# , , ,
#...@....# , ,
#.##.....# , ,,
, ..
......o..... , ,
., ,
#.,,..#.........
, ..
#.##.######....#
, ,, ...
#.#.......#.....
, ,
....##.#...#*
...#*
#....#.#.##* #
##.# , , , ,
#.....#..# .#
.*, , ,,


You could see Nergalle and an ogre.

Vanquished Creatures
  Nessos (D:12)
  Azrael (D:12)
  Josephine (D:10)
  Sonja (D:10)
  An unseen horror (D:12)
  A hill giant (D:10)
  Pikel (D:9)
  An ugly thing (D:12)
  A cyclops (D:11)
  Psyche (D:10)
  Joseph (D:7)
  A gargoyle (D:10)
  3 two-headed ogres
  Grinder (D:3)
  3 shadows (D:11)
  6 yaks
  Sigmund (D:3)
  6 wraiths (D:10)
  Grum (D:9)
  4 hell hounds (D:12)
  A swamp drake (D:10)
  An ice beast (D:5)
  5 sky beasts
  A slave (D:9)
  A wasp (D:10)
  A black bear (D:7)
  7 orc warriors
  6 ogres
  2 phantoms
  4 wolves (D:9)
  A crocodile (D:9)
  3 big kobolds
  9 centaurs
  6 giant frogs
  A wyvern skeleton (D:8)
  2 scorpions
  9 wights (D:11)
  A howler monkey (D:7)
  A crimson imp (D:11)
  A quasit (D:6)
  5 jellies
  6 orc priests
  3 hounds
  Crazy Yiuf (D:7)
  2 centaur skeletons
  3 giant frog skeletons
  4 orc wizards
  3 iguanas
  5 worker ants
  The ghost of Shenda the Slasher, a weakling DsGl (D:4)
  A hound zombie (D:7)
  A worker ant zombie (D:7)
  5 gnolls
  A howler monkey skeleton (D:7)
  11 adders
  2 river rats (D:9)
  2 shadow imps
  5 oozes (D:8)
  2 adder skeletons
  3 worms
  2 dart slugs
  6 giant geckos
  29 orcs
  14 bats
  2 giant cockroaches
  8 hobgoblins
  16 jackals
  18 kobolds
  5 quokkas
  6 giant newts
  4 goblins
  26 rats
  A fungus (D:9)
303 creatures vanquished.

Vanquished Creatures (collateral kills)
  2 hydras (D:11)
  A komodo dragon (D:11)
  A troll (D:11)
4 creatures vanquished.

Vanquished Creatures (others)
  A hell hound (D:12)
  An iguana (D:9)
  An orc (D:10)
3 creatures vanquished.

Grand Total: 310 creatures vanquished

Notes
Turn   | Place    | Note
-------+----------+-------------------------------------------
     0 | D:1      | poirepourri the Deep Dwarf Fighter began the quest for the Orb.
     0 | D:1      | Reached XP level 1. HP: 20/20 MP: 1/1
    84 | D:1      | Reached XP level 2. HP: 25/28 MP: 2/2
   502 | D:1      | Reached XP level 3. HP: 22/34 MP: 3/3
   960 | D:2      | Found a glowing silver altar of Zin.
  1237 | D:2      | Found a deep blue altar of Sif Muna.
  1419 | D:2      | Reached skill level 3 in Axes
  1663 | D:3      | Noticed Sigmund
  1679 | D:3      | Killed Sigmund
  1679 | D:3      | Reached skill level 4 in Axes
  1679 | D:3      | Reached XP level 4. HP: 14/45 MP: 4/4
  1679 | D:3      | Reached XP level 5. HP: 16/51 MP: 5/5
  1697 | D:3      | Noticed Grinder
  1701 | D:3      | Killed Grinder
  1701 | D:3      | Reached skill level 5 in Fighting
  1701 | D:3      | Reached skill level 5 in Axes
  1701 | D:3      | Reached XP level 6. HP: 27/61 MP: 6/6
  2357 | D:4      | Reached skill level 6 in Axes
  2357 | D:4      | Reached XP level 7. HP: 51/67 MP: 7/7
  2602 | D:4      | Noticed Shenda's ghost (weakling DsGl)
  2626 | D:4      | Killed Shenda's ghost
  2818 | D:4      | Found a shattered altar of Ashenzari.
  2818 | D:4      | Found a glowing golden altar of the Shining One.
  2818 | D:4      | Found a white marble altar of Elyvilon.
  2922 | D:5      | Entered Level 5 of the Dungeon
  2940 | D:5      | Found a staircase to the Ecumenical Temple.
  2969 | D:5      | Found an oddly glowing altar of Pakellas.
  2977 | Temple   | Entered the Ecumenical Temple
  3033 | Temple   | Became a worshipper of Makhleb the Destroyer
  3101 | D:5      | Reached skill level 7 in Axes
  3374 | D:5      | Found a blossoming altar of Fedhas.
  3439 | D:5      | Noticed Prince Ribbit
  3453 | D:5      | Reached skill level 1 in Dodging
  3718 | D:5      | Found a burning altar of Makhleb.
  4024 | D:6      | Reached XP level 8. HP: 52/76 MP: 6/6
  4113 | D:6      | Found Hais's Book Emporium.
  4394 | D:7      | Found Moig's Gadget Shoppe.
  4507 | D:7      | Reached skill level 8 in Axes
  4526 | D:7      | Noticed Joseph
  4564 | D:7      | Killed Joseph
  4594 | D:7      | Found Misethric's Gadget Emporium.
  4804 | D:7      | Reached * piety under Makhleb
  4822 | D:7      | Gained mutation: You passively map the area around you. [Deep Dwarf growth]
  4822 | D:7      | Reached XP level 9. HP: 43/86 MP: 7/7
  4925 | D:7      | Found a runed door.
  5185 | D:7      | Reached skill level 5 in Dodging
  5233 | D:7      | Noticed Crazy Yiuf
  5239 | D:7      | Killed Crazy Yiuf
  5320 | D:7      | Reached skill level 9 in Axes
  5583 | D:8      | Reached ** piety under Makhleb
  5691 | D:8      | Found Asesei's Book Shop.
  5844 | D:8      | Found a stormy altar of Qazlal.
  6002 | D:9      | Reached skill level 10 in Axes
  6041 | D:9      | Reached *** piety under Makhleb
  6165 | D:9      | Noticed Grum
  6199 | D:9      | Killed Grum
  6211 | D:9      | Reached XP level 10. HP: 38/98 MP: 7/7
  6221 | D:9      | Found a radiant altar of Vehumet.
  6339 | D:9      | Noticed Pikel
  6362 | D:9      | Killed Pikel
  6362 | D:9      | Reached **** piety under Makhleb
  6456 | D:9      | Found a staircase to the Lair.
  6699 | D:10     | Entered Level 10 of the Dungeon
  6819 | D:10     | Found a staircase to the Orcish Mines.
  6826 | D:10     | Reached skill level 11 in Axes
  6932 | D:10     | Found Gidaomui's Antique Armour Emporium.
  6942 | D:10     | Noticed Josephine
  6981 | D:10     | Killed Josephine
  7074 | D:10     | Noticed a hill giant
  7087 | D:10     | Killed a hill giant
  7124 | D:10     | Noticed a gargoyle
  7141 | D:10     | Killed a gargoyle
  7141 | D:10     | Reached skill level 12 in Axes
  7205 | D:10     | Reached ***** piety under Makhleb
  7205 | D:10     | Reached XP level 11. HP: 46/106 MP: 5/5
  7370 | D:10     | Noticed Psyche
  7377 | D:10     | Killed Psyche
  7445 | D:10     | Noticed Sonja
  7457 | D:10     | Killed Sonja
  7701 | D:11     | HP: 3/108 [yak (4)]
  7792 | D:11     | Reached skill level 10 in Fighting
  8498 | D:11     | Noticed a six-headed hydra
  8598 | D:11     | Noticed an eight-headed hydra
  8606 | D:11     | Killed an eight-headed hydra
  8756 | D:11     | Killed a six-headed hydra
  8756 | D:11     | Reached skill level 13 in Axes
  8756 | D:11     | Reached skill level 1 in Invocations
  8780 | D:11     | Reached skill level 10 in Dodging
  9049 | D:12     | Noticed a brown ugly thing
  9059 | D:12     | Killed a brown ugly thing
  9077 | D:12     | Noticed Azrael
  9079 | D:12     | Noticed Nessos
  9111 | D:12     | Killed Nessos
  9141 | D:12     | Killed Azrael
  9141 | D:12     | Reached XP level 12. HP: 54/118 MP: 3/3
  9252 | D:12     | HP: 4/118 [something (5)]
  9254 | D:12     | Noticed Nergalle
  9254 | D:12     | Killed from afar by Nergalle

Vault maps used:
D:1:      matt_arrival_diagonals, feat_on_display
D:2:      lemuel_coloured_pillars_altar, zin_treasury
D:3:      uniq_sigmund, uniq_grinder
D:4:      gammafunk_temple_overflow_claw
D:5:      fedhas_altar_1, lemuel_crystal_altar, first_bread, bloody_makhleb,
          uniq_prince_ribbit1
D:6:      serial_shops, shop
D:7:      serial_shops, shop, shop, uniq_crazy_yiuf_cottage, uniq_joseph
D:8:      marbit_many_paths, serial_shops, nicolae_shop_crystal,
          hangedman_little_slice_of_home
D:9:      vehumet_crystals, grunt_lair_entry_orc_guard_hut,
          minmay_misc_feat_cross, st_stairs_7, uniq_grum, uniq_pikel
D:10:     erik_orc_1, serial_shops, nicolae_shop_window_shopping,
          lightli_orcish_oven, uniq_josephine, uniq_psyche, uniq_sonja
D:12:     st_stairs_7, hangedman_feature_mirror, uniq_nessos, uniq_nergalle,
          uniq_azrael
Temple:   nicolae_temple_god_jail

Skill      XL: |  1  2  3  4  5  6  7  8  9 10 11 |
---------------+----------------------------------+-----
Fighting       | 3 4 5 6 7 8 9 10 | 10.7
Axes           | 4 5 6 7 8 10 12 13 | 13.7
Dodging        | 1 4 6 8 10 | 10.6
Invocations    | 3 |  3.2
Armour         | |  3.2
Stealth        | |  0.3
Shields        | |  3.2

Action                   |  1- 3 |  4- 6 |  7- 9 | 10-12 || total
-------------------------+-------+-------+-------+-------++-------
Melee: War axe           |   146 |    81 |   484 |   501 ||  1212
Invok: Lesser Servant of |       |       |       |     6 ||     6
 Abil: Device Recharging |       |       |     3 |     9 ||    12
Evoke: Wand              |       |     2 |    23 |    44 ||    69
  Use: Scroll            |     7 |       |    14 |     4 ||    25
       Potion            |     1 |     2 |    12 |     4 ||    19
 Stab: Invisible         |       |       |     1 |     3 ||     4
  Eat: Bread ration      |     1 |       |     2 |     1 ||     4
       Meat ration       |       |       |     1 |       ||     1
       Pizza             |       |       |     1 |       ||     1
       Beef jerky        |       |       |       |     2 ||     2
       Royal jelly       |       |       |       |     1 ||     1
Armor: Scale mail        |    62 |    34 |   180 |   141 ||   417
Dodge: Dodged            |    42 |    20 |   213 |   233 ||   508
Block: Shield            |    83 |    55 |   272 |   233 ||   643
